 Dungeon Crawl Stone Soup version 0.27-a0-830-ga1c911b16d (webtiles) character file.

Game seed: 5856690328858042322

59166 Froggeryz the Thaumaturge (level 14, -5/112 HPs)
             Began as a Djinni Fire Elementalist on Mar 30, 2021.
             Was the Champion of Makhleb.
             Killed from afar by a frost giant (32 damage)
             ... with a bolt of cold
             ... in an ice cave on Mar 31, 2021.
             The game lasted 00:56:13 (21281 turns).

Froggeryz the Thaumaturge (DjFE)                   Turns: 21281, Time: 00:56:14

Health: -5/112     AC:  9    Str:  6    XL:     14   Next: 93%
Gold:   2265       EV: 19    Int: 21    God:    Makhleb [******] SH: 10 Dex: 15

rFire    + + +     SeeInvis .   N - staff of conjuration
rCold    . . .     Faith    .   v - +0 buckler
rNeg     + . .     Spirit   .   i - +1 robe {Will+}
rPois    ∞         Reflect  +   l - +2 helmet
rElec    +         Harm     .   D - +2 ratskin cloak {*Rats rPois rN+ Str-1 Int-1 Dex+1}
rCorr    +         Rampage  .   (no gloves)
Will     ++...                  (boots unavailable)
Stlth    +++.......             K - amulet of reflection
HPRegen  0.28/turn              d - +4 ring of evasion
MPRegen  0.00/turn              k - ring of wizardry

@: resistant, flying, studying Fighting
A: fire resistance 2, cold vulnerability 1, float, innate caster, hp casting,
extra vitality 1
a: Renounce Religion, Minor Destruction, Lesser Servant of Makhleb, Major
Destruction, Greater Servant of Makhleb


You were in an ice cave.
You worshipped Makhleb.
Makhleb was exalted by your worship.
You visited 5 branches of the dungeon, and saw 20 of its levels.
You also visited: Ossuary and Ice Cave.

You collected 3263 gold pieces.
You spent 998 gold pieces at shops.

Inventory:

Hand Weapons
 T - the +0 trident of Triumph {vorpal, rPois rF+ rN+}
   (You found it on level 6 of the Lair of Beasts)

   It inflicts extra damage upon your enemies.
   It protects you from fire.
   It protects you from poison.
   It protects you from negative energy.
Armour
 i - a +1 robe of willpower (worn)
 l - a +2 helmet (worn)
 v - a +0 buckler (worn)
 D - the +2 ratskin cloak (worn) {*Rats rPois rN+ Str-1 Int-1 Dex+1}
   (You found it on level 7 of the Dungeon)

   It affects your strength (-1).
   It affects your intelligence (-1).
   It affects your dexterity (+1).
   It protects you from poison.
   It protects you from negative energy.
 R - a +1 robe of fire resistance
Magical Staves
 f - a staff of death
 N - a staff of conjuration (weapon)
Jewellery
 d - a +4 ring of evasion (left hand)
 k - a ring of wizardry (right hand)
 p - a ring of resist corrosion
 K - an amulet of reflection (around neck)
 S - a ring of see invisible
Wands
 a - a wand of polymorph (13)
 c - a wand of flame (2)
 o - a wand of acid (23)
 u - a wand of random effects (34)
 M - a wand of paralysis (7)
Scrolls
 b - 2 scrolls of fear
 e - 4 scrolls of silence
 g - 6 scrolls of teleportation
 n - 10 scrolls of fog
 r - 5 scrolls of amnesia
 t - a scroll of torment
 y - a scroll of summoning
 z - 12 scrolls of noise
 A - 3 scrolls of immolation
 C - a scroll of vulnerability
 F - a scroll of holy word
 O - 8 scrolls of identify
 Q - 3 scrolls of enchant weapon
 U - a scroll of blinking
Potions
 h - 4 potions of heal wounds
 j - 9 potions of curing
 m - 4 potions of attraction
 q - 2 potions of berserk rage
 w - 2 potions of might
 x - 5 potions of flight
 B - a potion of magic {unknown}
 E - 2 potions of resistance
 G - 3 potions of haste
 H - 3 potions of mutation
 I - 5 potions of brilliance {unknown}
 J - 2 potions of cancellation
Miscellaneous
 L - a phantom mirror


   Skills:
 + Level 14.3 Fighting
 - Level 1.5 Staves
 - Level 6.1 Dodging
 - Level 6.0 Stealth
 - Level 5.2 Shields
 + Level 14.7 Spellcasting
 + Level 7.8 Evocations


You had 6 spell levels left.
You knew the following spells:

 Your Spells              Type           Power      Damage    Failure   Level
a - Foxfire               Conj/Fire      100%       2x1d9     0%          1
b - Conjure Flame         Conj/Fire      86%        6-21      1%          3
c - Inner Flame           Hex/Fire       67%        N/A       1%          3
d - Sticky Flame          Conj/Fire      86%        2d10      1%          4
e - Fireball              Conj/Fire      43%        3d17      1%          5
f - Beastly Appendage     Tmut           100%       N/A       0%          1
g - Call Imp              Summ           67%        N/A       0%          2
h - Spider Form           Tmut/Pois      33%        N/A       1%          3
i - Iskenderun's Mystic   Conj/Tloc      86%        2d17      1%          4
j - Silence               Hex/Air        33%        N/A       1%          5
k - Lee's Rapid Deconstr  Erth           33%        3d18*     1%          5
Your spell library was empty.

Dungeon Overview and Level Annotations

Branches:
Dungeon (10/15)            Temple (1/1) D:7            Lair (6/6) D:10
 Shoals (1/4) Lair:3       Spider (0/4) Lair:3        Slime (0/5) Lair:6
    Orc (2/2) D:9             Elf (0/3) Orc:2       Ossuary (visited)
  IceCv (1/1)

Altars:
Ashenzari
Cheibriados
Dithmenos
Elyvilon
Fedhas
Gozag
Hepliaklqana
Kikubaaqudgha
Makhleb
Nemelex Xobeh
Okawaru
Qazlal
Ru
Sif Muna
Trog
Uskayaw
Vehumet
Wu Jian
Xom
Yredelemnul
Zin
The Shining One
Jiyva

Shops:
Orc:1 ?*(?[

Annotations:
Lair:3 3 runed translucent doors, CakeIsGreat's ghost, journeyman GrEE
Lair:6 1 runed translucent door


Innate Abilities, Weirdness & Mutations

You are immune to poison.
Your flesh is very heat resistant. (rF++)
You are vulnerable to cold. (rC-)
You float through the air rather than walking.
You learn spells naturally, not from books.
Your magical power is your life essence.
You have superior vitality. (+4 HP)


Message History

Press: ? - help, Shift-Dir - straight line, f/p - frost giant
Aim: a frost giant, wielding a +1 battleaxe of freezing (heavily wounded)
You feel a surge of power!
The fireball explodes!
The fireball engulfs the frost giant!!
The frost giant is severely wounded.
The fireball engulfs the polar bear!!
You kill the polar bear!
Makhleb accepts your kill.
You feel better.
The frost giant gestures at you while chanting.
The bolt of cold misses you.
You hear an angry growl.
Casting: Fireball (safe; 1% risk of failure)
Confirm with . or Enter, or press ? or * to list all spells.
Aiming: Fireball (safe; 1% risk of failure)
Press: ? - help, Shift-Dir - straight line, f/p - frost giant
Aim: a frost giant, wielding a +1 battleaxe of freezing (severely wounded)
You feel a surge of power!
The fireball explodes!
The fireball engulfs the frost giant!
The frost giant is almost dead.
The fireball engulfs the polar bear!!
The polar bear is heavily wounded.
The frost giant gestures at you while chanting.
The bolt of cold hits you!!
* * * LOW HITPOINT WARNING * * *
A river rat scurries out from under your cloak.
Unknown command.
Unknown command.
Casting: Fireball (safe; 1% risk of failure)
Confirm with . or Enter, or press ? or * to list all spells.
Aiming: Fireball (safe; 1% risk of failure)
Press: ? - help, Shift-Dir - straight line, f/p - frost giant
Aim: a frost giant, wielding a +1 battleaxe of freezing (almost dead)
Okay, then.
Unknown command.
The frost giant gestures at you while chanting.
The bolt of cold hits your river rat!!!
Your river rat dies!
The bolt of cold hits you!!
You die...

#hh##≈# #C##≈≈##
#.##≈≈≈# ##h#≈≈≈#
##†#≈≈≈##
#Ch#≈≈≈≈#
#.##≈≈≈≈# ###
#.###≈≈≈# ##≈#
##@###≈≈# ##≈### #
#.#.##≈###≈≈≈≈# ##
#....#≈≈##≈≈≈≈###≈
##.#.##≈≈≈≈#≈≈##≈≈
#.###.#≈≈≈≈≈≈≈##≈≈
#. ##.##≈≈#≈#≈≈≈≈≈
## #..#≈≈≈≈≈#≈≈≈##
##.##≈≈≈#≈≈≈###
#.≈#≈#≈≈≈≈≈##


You could see a frost giant.

Vanquished Creatures
  An orc warlord (Orc:1)
  Azrael (Orc:2)
  An ettin (Orc:1)
  A fire dragon (Lair:6)
  The ghost of Ceguet the Grappler, a journeyman DrTm of Gozag (Orc:1)
  6 hydras
  A centaur warrior (Orc:2)
  2 death yaks (IceCv)
  A two-headed ogre (D:9)
  Urug (Lair:4)
  Sonja (Lair:2)
  A lindwurm (Lair:6)
  2 orc knights
  An orc sorcerer (Orc:1)
  A cyclops (D:10)
  12 elephants (Lair:4)
  2 molten gargoyles (Lair:6)
  4 black mambas
  2 merfolk sirens (Lair:3)
  9 cane toads
  18 komodo dragons
  3 rime drakes
  Psyche (D:8)
  2 merfolk (Lair:3)
  A troll (Orc:1)
  14 polar bears
  A hornet (D:9)
  Grinder (D:5)
  13 blink frogs
  A slime creature (Lair:1)
  8 dream sheep
  A wraith (D:10)
  32 yaks
  11 basilisks
  2 wyverns (Lair:6)
  2 fire elementals
  4 steam dragons
  4 wargs
  An acid dragon (D:9)
  20 water moccasins
  6 hell hounds
  Duvessa (D:5)
  2 ice beasts
  32 orc warriors
  A sky beast (D:6)
  3 necrophages (D:7)
  6 ogres
  18 wolves (IceCv)
  13 centaurs
  5 kobold brigands
  13 bullfrogs
  A gnoll sergeant (D:9)
  A wyvern zombie (D:6)
  2 scorpions
  Dowan (D:5)
  A water moccasin skeleton (D:7)
  10 killer bees (D:9)
  2 electric eels
  A wight (D:7)
  2 howler monkeys
  5 lava snakes (Lair:6)
  4 bullfrog zombies
  A centaur zombie (D:7)
  2 human zombies (Ossuary)
  8 jellies
  A bullfrog skeleton (D:6)
  A centaur skeleton (D:4)
  A gnoll shaman (D:8)
  12 orc priests
  An iguana (D:6)
  Jessica (D:3)
  3 hell rats (D:7)
  18 orc wizards
  A killer bee zombie (D:9)
  4 mummies (Ossuary)
  7 gnolls
  9 adders
  4 river rats (D:7)
  2 shadow imps
  4 white imps
  An ufetubus (D:6)
  2 worms
  5 dart slugs
  46 orcs
  2 ball pythons
  14 endoplasms
  6 giant cockroaches
  A gnoll zombie (Ossuary)
  6 goblins
  6 hobgoblins
  9 jackals
  A quokka (D:1)
  A bat (D:1)
  4 frilled lizards
  2 goblin zombies
  2 hobgoblin zombies (Ossuary)
  14 kobolds
  A kobold zombie (Ossuary)
  An orc zombie (Ossuary)
  A quokka zombie (D:8)
  20 rats
  A bush (Lair:5)
547 creatures vanquished.

Vanquished Creatures (collateral kills)
  The ghost of Ghazghkull the Caller, a novice GnSu of Qazlal (D:7)
  A molten gargoyle (Lair:6)
  A komodo dragon (Lair:2)
  2 wargs (D:10)
  A bullfrog (Lair:2)
  An orc (D:10)
  8 foxfires
15 creatures vanquished.

Vanquished Creatures (others)
  A polar bear (Lair:4)
  601 foxfires
  25 fungi
  38 plants
  4 withered plants (D:7)
669 creatures vanquished.

Grand Total: 1231 creatures vanquished

Notes
Turn   | Place    | Note
-------+----------+-------------------------------------------
     0 | D:1      | Froggeryz the Djinni Fire Elementalist began the quest for
                  | the Orb.
     0 | D:1      | Reached XP level 1. HP: 15/15 MP: 0/0
   329 | D:1      | Reached XP level 2. HP: 20/21 MP: 0/0
  1045 | D:1      | Reached XP level 3. HP: 24/25 MP: 0/0
  1045 | D:1      | Learned a level 1 spell: Beastly Appendage
  2099 | D:2      | Reached XP level 4. HP: 27/31 MP: 0/0
  3511 | D:3      | Noticed Jessica
  3514 | D:3      | Killed Jessica
  3515 | D:3      | Reached skill level 1 in Fighting
  3515 | D:3      | Reached XP level 5. HP: 35/37 MP: 0/0
  3515 | D:3      | Learned a level 2 spell: Call Imp
  3905 | D:4      | Reached skill level 5 in Spellcasting
  4349 | D:5      | Entered Level 5 of the Dungeon
  4433 | D:5      | Noticed Duvessa
  4433 | D:5      | Noticed Dowan
  4452 | D:5      | Killed Dowan
  4453 | D:5      | Reached XP level 6. HP: 25/43 MP: 0/0
  4462 | D:5      | HP: 2/64 [Duvessa/+0 short sword (10)]
  4463 | D:5      | Killed Duvessa
  4464 | D:5      | Reached skill level 1 in Staves
  5084 | D:4      | Reached XP level 7. HP: 24/49 MP: 0/0
  5084 | D:4      | Learned a level 3 spell: Spider Form
  5267 | D:5      | Reached skill level 1 in Shields
  5379 | D:5      | Noticed Grinder
  5386 | D:5      | Killed Grinder
  5725 | D:5      | Found an iron altar of Okawaru.
  6082 | D:6      | Identified the +2 robe of Quemeg {Dex+10}
  6090 | D:6      | Reached XP level 8. HP: 12/54 MP: 0/0
  6749 | D:6      | Found a stormy altar of Qazlal.
  6954 | D:6      | Found a glowing silver altar of Zin.
  6955 | D:6      | Found a shimmering altar of Xom.
  6958 | D:6      | Found a blossoming altar of Fedhas.
  6959 | D:6      | Found an ornate altar of the Wu Jian Council.
  7052 | D:6      | Reached skill level 5 in Shields
  7286 | D:7      | Found a staircase to the Ecumenical Temple.
  7295 | Temple   | Entered the Ecumenical Temple
  7355 | Temple   | Became a worshipper of Makhleb the Destroyer
  7643 | D:7      | Reached XP level 9. HP: 51/61 MP: 0/0
  7643 | D:7      | Learned a level 4 spell: Iskenderun's Mystic Blast
  8069 | D:7      | Reached * piety under Makhleb
  8107 | D:7      | Found the +2 ratskin cloak {*Rats rPois rN+ Str-1 Int-1
                  | Dex+1}
  8556 | D:7      | Found a runed translucent gate.
  8556 | D:7      | Found a runed translucent gate.
  8556 | D:7      | Found a runed translucent gate.
  8557 | D:7      | Noticed Ghazghkull's ghost (novice GnSu)
  8558 | D:7      | Upgraded the game from 0.27-a0-824-gca8104f8d5 to
                  | 0.27-a0-830-ga1c911b16d
  8605 | D:7      | Killed Ghazghkull's ghost
  8606 | D:7      | Reached skill level 5 in Fighting
  9215 | D:7      | Found a snail-covered altar of Cheibriados.
  9215 | D:7      | Found a glowing golden altar of the Shining One.
  9496 | D:8      | Reached ** piety under Makhleb
  9518 | D:8      | Reached XP level 10. HP: 51/70 MP: 0/0
  9536 | D:8      | Noticed Psyche
  9544 | D:8      | Killed Psyche
  9612 | D:8      | Found a sand-covered staircase.
  9619 | Ossuary  | Entered an ossuary
  9643 | Ossuary  | Reached skill level 10 in Spellcasting
 10166 | D:8      | Found a sparkling altar of Nemelex Xobeh.
 10309 | D:9      | Found an opulent altar of Gozag.
 10638 | D:9      | Found a broken altar of Ashenzari.
 10699 | D:9      | Reached *** piety under Makhleb
 10869 | D:9      | Found a staircase to the Orcish Mines.
 11441 | D:9      | Noticed a two-headed ogre
 11451 | D:9      | Killed a two-headed ogre
 11452 | D:9      | Reached XP level 11. HP: 80/80 MP: 0/0
 11452 | D:9      | Learned a level 5 spell: Silence
 11551 | D:9      | Noticed a two-headed hydra
 11574 | D:9      | Killed a two-headed hydra
 11814 | D:10     | Entered Level 10 of the Dungeon
 11839 | D:10     | Found a staircase to the Lair.
 12821 | D:10     | Noticed a cyclops
 12831 | D:10     | Killed a cyclops
 13043 | Lair:1   | Entered Level 1 of the Lair of Beasts
 13269 | Lair:1   | Reached **** piety under Makhleb
 13339 | Lair:1   | Noticed a seven-headed hydra
 13346 | Lair:1   | Killed a seven-headed hydra
 13582 | Lair:1   | You are sucked into a shaft and drop 1 floor!
 13598 | Lair:2   | Reached skill level 5 in Dodging
 13601 | Lair:2   | Reached XP level 12. HP: 6/90 MP: 0/0
 13601 | Lair:2   | Noticed Sonja
 14095 | Lair:2   | Killed Sonja
 14183 | Lair:2   | Reached skill level 10 in Fighting
 15016 | Lair:3   | Found a hole to the Spider Nest.
 15088 | Lair:3   | Found a runed translucent gate.
 15089 | Lair:3   | Found a runed translucent gate.
 15090 | Lair:3   | Found a runed translucent gate.
 15091 | Lair:3   | Noticed CakeIsGreat's ghost (journeyman GrEE)
 15171 | Lair:3   | Identified the +12 fustibalus "Ogreslayer" {venom, +Fly}
 15430 | Lair:3   | Found a staircase to the Shoals.
 15955 | Shoals:1 | Entered Level 1 of the Shoals
 15995 | Lair:4   | Noticed Urug
 16002 | Lair:4   | Killed Urug
 16022 | Lair:4   | Reached ***** piety under Makhleb
 16165 | Lair:4   | Reached XP level 13. HP: 78/99 MP: 0/0
 16165 | Lair:4   | Learned a level 5 spell: Lee's Rapid Deconstruction
 16171 | Lair:4   | Reached skill level 5 in Stealth
 17214 | Lair:5   | Reached skill level 1 in Evocations
 17613 | Lair:6   | Entered Level 6 of the Lair of Beasts
 17776 | Lair:6   | Found a runed translucent door.
 17777 | Lair:6   | Found a viscous altar of Jiyva.
 17779 | Lair:6   | Found a staircase to the Slime Pits.
 18040 | Lair:6   | Identified the +0 trident of Triumph {vorpal, rPois rF+
                  | rN+}
 18283 | Lair:6   | Found a large runed translucent door.
 18283 | Lair:6   | Found a large runed translucent door.
 18288 | Lair:6   | Noticed a fire dragon
 18402 | Lair:6   | Reached XP level 14. HP: 69/108 MP: 0/0
 18713 | Lair:6   | Reached skill level 5 in Evocations
 18892 | Lair:6   | Reached ****** piety under Makhleb
 19433 | Orc:1    | Entered Level 1 of the Orcish Mines
 19669 | Orc:1    | Found a large runed translucent door.
 19670 | Orc:1    | Found a large runed translucent door.
 19673 | Orc:1    | Noticed Ceguet's ghost (journeyman DrTm)
 19682 | Orc:1    | Noticed an orc warlord
 19696 | Orc:1    | Killed an orc warlord
 19811 | Orc:1    | Found Eroil Newk's Magic Scroll Shop.
 19819 | Orc:1    | Bought a scroll of blinking for 97 gold pieces
 19819 | Orc:1    | Bought a scroll of enchant weapon for 97 gold pieces
 19832 | Orc:1    | Found Sinum's Armour Boutique.
 19872 | Orc:1    | Found Coameh's General Store.
 19896 | Orc:1    | Bought a potion of curing for 36 gold pieces
 19896 | Orc:1    | Bought 2 potions of heal wounds for 120 gold pieces
 19896 | Orc:1    | Bought a scroll of identify for 24 gold pieces
 19896 | Orc:1    | Identified 2 scrolls of acquirement
 19897 | Orc:1    | Acquired 651 gold pieces
 19899 | Orc:1    | Acquired a manual of Fighting
 19952 | Orc:1    | Killed Ceguet's ghost
 20157 | Orc:1    | Found Kugebis's Magic Scroll Emporium.
 20169 | Orc:1    | Bought a scroll of acquirement for 624 gold pieces
 20169 | Orc:1    | Acquired 966 gold pieces
 20269 | Orc:1    | Found Seguer Xael's Antique Weapon Shoppe.
 20326 | Orc:2    | Entered Level 2 of the Orcish Mines
 20341 | Orc:2    | Noticed Azrael
 20653 | Orc:2    | Killed Azrael
 20828 | Orc:2    | Found a frozen archway.
 20837 | IceCv    | Entered an ice cave
 21265 | IceCv    | Noticed a frost giant
 21281 | IceCv    | Killed from afar by a frost giant

Illustrated notes

Levels and vault maps discovered:
D:1:      dpeg_arrival_ternary, layout_loops_cross, minmay_hedge_maze
D:2:      layout_basic
D:3:      layout_basic, kennysheep_generic_room_16, uniq_jessica
D:4:      layout_loops_ring
D:5:      corexii_shack_village, layout_basic, okawaru_ov_weapons_minmay,
          chequers_serial_rivers_small_b, uniq_grinder, uniq_duvessa
D:6:      layout_rooms, nicolae_kikubaaqudgha_miasma_corner,
          chequers_temple_overflow_statue_of_worship,
          nicolae_qazlal_eye_of_the_storm
D:7:      wander_guarded_unrand_ratskin, layout_cave_pods,
          grunt_temple_overflow_open, minmay_temple_entry_sparse_star,
          serial_undead, serial_undead_b, serial_undead_a, serial_undead_f,
          serial_undead_b, ebering_ghost_rock_garden, dk_vineyard_2,
          nrook_loot_triangle
D:8:      layout_rooms, enter_ossuary_4, nemelex_dance_club_becter, uniq_psyche
D:9:      layout_roguey, ashenzari_conservatory_becter, lemuel_round_altar,
          orc_0_dummy, hangedman_ranch [blue_anna_fruit_fields]
D:10:     layout_irregular_city, erik_lair_orcish_takeover
Temple:   minmay_temple_bridge_abc
Lair:1:   lemuel_slime, layout_loops_ring
Lair:2:   layout_regular_city, serial_bayou_shore_a, grunt_megastairs_4,
          uniq_sonja
Lair:3:   layout_chaotic_city, elwin_shoals_entry_stream, spider_nest_entry_a,
          ebering_ghost_rock_garden, wad_woods_river_02
Lair:4:   layout_layer_cave, patterned_corridor, uniq_urug
Lair:5:   layout_roguey
Lair:6:   cheibrodos_lair_end_hotspot, layout_big_grid, slime_altar_2
Shoals:1: layout_shoals, nicolae_shoals_cliffside_cave, uniq_frances
Orc:1:    layout_caves, ebering_ghost_disaster_area, serial_shops,
          nicolae_shop_crystal, nicolae_shop_window_shopping, shop_fountains,
          shop_scrolls, shop
Orc:2:    st_orc_rangers, layout_caves, serial_shops, shop,
          portal_ice_cave_entry_pillars_1, hangedman_feature_mirror, uniq_azrael
IceCv:    ice_cave_caverns_03

Skill      XL: |  1  2  3  4  5  6  7  8  9 10 11 12 13 14 |
---------------+-------------------------------------------+-----
Spellcasting   | 3 4 5 6 8 9 11 12 13 14 | 14.7
Fighting       | 1 2 3 5 7 9 11 12 14 | 14.3
Staves         | 1 |  1.5
Shields        | 3 5 |  5.2
Dodging        | 5 6 |  6.1
Stealth        | 4 6 |  6.0
Evocations     | 4 7 |  7.8

Action                   |  1- 3 |  4- 6 |  7- 9 | 10-12 | 13-15 || total
-------------------------+-------+-------+-------+-------+-------++-------
Melee: Unarmed           |     3 |       |       |     3 |       ||     6
       Staff             |     7 |    36 |    60 |    97 |    13 ||   213
 Cast: Foxfire           |    60 |    88 |   109 |   110 |    16 ||   383
       Fireball          |       |     2 |    21 |   118 |   216 ||   357
       Sticky Flame      |       |       |    29 |    62 |    25 ||   116
       Call Imp          |       |       |    15 |     8 |    41 ||    64
       Inner Flame       |       |       |     1 |     3 |       ||     4
       Conjure Flame     |       |       |     1 |       |       ||     1
       Iskenderun's Myst |       |       |       |     5 |    20 ||    25
       Spider Form       |       |       |       |     1 |       ||     1
       Lee's Rapid Decon |       |       |       |       |    35 ||    35
Evoke: Wand              |       |       |     1 |       |     5 ||     6
  Use: Scroll            |       |     1 |       |    21 |     5 ||    27
       Potion            |       |     1 |     1 |     1 |     1 ||     4
 Stab: Sleeping          |     1 |       |     2 |       |       ||     3
       Distracted        |       |       |     1 |       |       ||     1
Armor: Robe              |     9 |    18 |    17 |    35 |     6 ||    85
       Skin              |       |       |       |     1 |       ||     1
Dodge: Dodged            |    16 |    65 |    62 |   130 |    57 ||   330
Block: Buckler           |       |       |    27 |    44 |    53 ||   124
       Other             |       |       |       |     5 |       ||     5
       Reflection        |       |       |       |     4 |    21 ||    25

Table legend: (Time is in decaauts)
 A = Elapsed time spent in this place.
 B = Non-inter-level travel time spent in this place.
 C = Inter-level travel time spent in this place.
 D = Time resting spent in this place.
 E = Time spent auto-exploring this place.
 F = Levels seen in this place.
 G = Mean time per level.
                   A        B        C        D        E       F      G
               +--------+--------+--------+--------+--------+-----+--------+
         Total |  21327 |  20762 |    565 |   4130 |  13046 |  22 |  969.4 |
       Dungeon |  12661 |  12373 |    288 |   3239 |   7259 |  10 | 1266.1 |
        Temple |     79 |     61 |     18 |      0 |     49 |   1 |   79.0 |
          Lair |   6356 |   6133 |    223 |    492 |   4623 |   6 | 1059.3 |
        Shoals |      1 |      1 |      0 |      0 |      0 |   1 |    1.0 |
  Orcish Mines |   1407 |   1371 |     36 |    311 |    744 |   2 |  703.5 |
       Ossuary |    376 |    376 |      0 |      0 |    156 |   1 |  376.0 |
      Ice Cave |    443 |    443 |      0 |     88 |    215 |   1 |  443.0 |
               +--------+--------+--------+--------+--------+-----+--------+

Top non-repeatable levels by time:
     D:7: 1844 daAuts
     D:5: 1610 daAuts
     D:9: 1552 daAuts
  Lair:6: 1445 daAuts
     D:2: 1285 daAuts
     D:6: 1281 daAuts
    D:10: 1248 daAuts
     D:3: 1239 daAuts
  Lair:4: 1239 daAuts
   Orc:1: 1173 daAuts
     D:1: 1125 daAuts
  Lair:2: 1009 daAuts
  Lair:1: 1008 daAuts
  Lair:3: 988 daAuts
     D:4: 920 daAuts
